 Dungeon Crawl Stone Soup version 0.26-a0-958-gf3041fb45f (webtiles) character file.

Game seed: 3669007302282045331

4 Epicbro the Conjurer (level 1, 0/9 HPs)
             Began as a Vine Stalker Conjurer on Dec 1, 2020.
             Slain by a rat (1 damage)
             ... on level 1 of the Dungeon.
             The game lasted 00:03:12 (217 turns).

Epicbro the Conjurer (Vine Stalker Conjurer)         Turns: 217, Time: 00:03:13

Health: 0/9        AC:  2    Str: 15    XL:     1   Next: 70%
Magic:  0/4        EV: 12    Int: 18    God:
Gold:   25         SH:  0    Dex: 12    Spells: 3/4 levels left

rFire    . . .     SeeInvis .   (no weapon)
rCold    . . .     Faith    .   (no shield)
rNeg     . . .     Spirit   +   a - +0 robe
rPois    .         Reflect  .   (no helmet)
rElec    .         Harm     .   (no cloak)
rCorr    .         Rampage  .   (no gloves)
MR       .....                  (no boots)
Stlth    ++........             (no amulet)
HPRegen  0.03/turn              b - ring of wizardry
MPRegen  0.09/turn              c - +6 ring of strength

@: no status effects
A: fangs 2, magic shield, antimagic bite, no potion heal 3, rot immunity
a: no special abilities


You were on level 1 of the Dungeon.
You visited 1 branch of the dungeon, and saw 1 of its levels.

You collected 25 gold pieces.

Inventory:

Missiles
 d - 12 stones
Armour
 a - a +0 robe (worn)
Jewellery
 b - a ring of wizardry (left hand)
 c - a +6 ring of strength (right hand)


   Skills:
 + Level 1.5 Dodging
 + Level 2.4 Stealth
 + Level 2.1 Spellcasting
 + Level 4.2 Conjurations


You had 3 spell levels left.
You knew the following spells:

 Your Spells              Type           Power        Failure   Level
a - Magic Dart            Conj           ###.         1%          1

Your spell library contained the following spells:

 Spells                   Type           Power        Failure   Level
 Searing Ray              Conj           ###...       1%          2
 Dazzling Flash           Conj/Hex       #.....       9%          3
 Fulminant Prism          Conj/Hex       #.........   28%         4
 Iskenderun's Mystic Bla  Conj/Tloc      #.......     28%         4


Dungeon Overview and Level Annotations

Branches:
Dungeon (1/15)

Altars:


Innate Abilities, Weirdness & Mutations

You have extremely sharp teeth.
When hurt, damage is shared between your health and your magic reserves.
Your bite disrupts and absorbs the magic of your enemies.
Potions cannot restore your health.
You are immune to rotting.


Message History

The rat closely misses you.
You barely miss the rat. You bite the rat. You drain its power.
You feel invigorated.
The rat is heavily wounded.
The rat barely misses you.
You closely miss the rat.
The rat is heavily wounded.
The rat bites you.
* * * LOW HITPOINT WARNING * * *
You hit the rat but do no damage.
The rat is heavily wounded.
The rat bites you but does no damage.
You barely miss the rat. Your bite misses the rat.
The rat is heavily wounded.
The rat bites you.
* * * LOW HITPOINT WARNING * * *
You closely miss the rat. You bite the rat, but do no damage.
The rat is heavily wounded.
The rat bites you.
You die...

#.# #. ..#.## #.# #. #
##....######.######. #.
# .....(..........##>
#..#.#....####..........
.. ..#...........#.#..
#.##.##...####.#.#.#.#..
#...>...#.####.#....^#..
#@r)..............
########.#######.# #.#
#.# #.# #.# #.. ..# ###
###


You could see a rat.

Vanquished Creatures
  A dart slug (D:1)
  2 kobolds (D:1)
  A rat (D:1)
4 creatures vanquished.

Vanquished Creatures (others)
  7 plants (D:1)
7 creatures vanquished.

Grand Total: 11 creatures vanquished

Notes
Turn   | Place    | Note
-------+----------+-------------------------------------------
     0 | D:1      | Epicbro the Vine Stalker Conjurer began the quest for the
                  | Orb.
     0 | D:1      | Reached XP level 1. HP: 9/9 MP: 4/4
   217 | D:1      | Slain by a rat

Illustrated notes

Levels and vault maps discovered:
D:1:      nagdon_arrival_zigzag_paths, layout_loops_ring, bh_walls_and_bars

Action                   || total
-------------------------++-------
Melee: Unarmed           ||    58
       Bite              ||    20
Armor: Robe              ||     3
Dodge: Dodged            ||    17

Table legend: (Time is in decaauts)
 A = Elapsed time spent in this place.
 B = Non-inter-level travel time spent in this place.
 C = Inter-level travel time spent in this place.
 D = Time resting spent in this place.
 E = Time spent auto-exploring this place.
 F = Levels seen in this place.
 G = Mean time per level.
                   A        B        C        D        E       F      G
               +--------+--------+--------+--------+--------+-----+--------+
         Total |    216 |    180 |     36 |      0 |      0 |   1 |  216.0 |
       Dungeon |    216 |    180 |     36 |      0 |      0 |   1 |  216.0 |
               +--------+--------+--------+--------+--------+-----+--------+

Top non-repeatable levels by time:
     D:1: 216 daAuts
